[Event "ONJK 2024 ABC"]
[Site "Velp, Netherlands"]
[Date "2024.08.03"]
[Round "3.16"]
[White "Georgopoulos, Mylo"]
[Black "Van Ewijk, Abel"]
[Result "1-0"]
[TimeControl "90 minutes + 30 seconds"]
[WhiteElo "1776"]
[BlackElo "1484"]

1. e4 e5 2. Nf3 Nc6 3. Bc4 Bc5 4. d3 Nf6 5. Bg5 h6 6. Bh4 d6 7. Nc3 Be6 8. Qe2 Qe7 9. Bd5 Nd4 10.
Nxd4 Bxd4 11. Bxb7 Rb8 12. Bc6+ Bd7 13. Nd5 Qd8 14. Bxd7+ Kxd7 15. Qf3 Rxb2 16. c3 Bc5 17. O-O Qf8 18.
Rab1 Rxb1 19. Rxb1 Nxd5 20. exd5 g5 21. Qf5+ Ke7 22. d4 exd4 23. cxd4 Bxd4 24. Qe4+ Be5 25. Bg3 f6 26. Qf5 Qf7 27.
Rb7 Kf8 28. Bxe5 fxe5 29. Rb8+ Kg7 30. Qxf7+ Kxf7 31. Rxh8 Kg7 32. Rc8 Kf6 33. Rxc7 e4 34. Rxa7 Ke5 35. Rb7 Kxd5 36. a4 Kc6 37.
Rb1 d5 38. a5 d4 39. a6 d3 40. a7 d2 41. a8=Q+ Kc5 42. Qc8+ Kd4 43. Rd1 e3 44. fxe3+ Kxe3 45. Qe6+ Kf4 46.
Rxd2 g4 47. Rf2+ Kg5 48. Rf5+ Kh4 49. Qxh6# 1-0

[Event "ONJK 2024 ABC"]
[Site "Velp, Netherlands"]
[Date "2024.08.03"]
[Round "3.17"]
[White "Dijkhuijsen, Thomas"]
[Black "Bloemberg, Jesper"]
[Result "1-0"]
[TimeControl "90 minutes + 30 seconds"]
[WhiteElo "1750"]
[BlackElo "1692"]

1. e4 c5 2. Nf3 Nc6 3. d4 cxd4 4. Nxd4 g6 5. Bc4 Bg7 6. Nxc6 bxc6 7. Qf3 Nf6 8. Nc3 O-O 9. Be3 Ne8 10.
O-O Nd6 11. Bb3 Bb7 12. Bc5 Qa5 13. Qe3 Rfe8 14. Rad1 Qc7 15. Bxa7 Nc8 16. Bd4 e5 17. Bc5 d6 18. Ba3 Rd8 19.
Qg3 Bf8 20. f4 Nb6 21. fxe5 d5 22. Bxf8 Rxf8 23. exd5 cxd5 24. Qf4 Rad8 25. Rd4 Qc5 26. Kh1 Qe7 27. Rfd1 Rd7 28. Nxd5 Nxd5 29.
Bxd5 Bxd5 30. Rxd5 Rb7 31. Qd4 Rb4 32. Qc3 Re4 33. Qc5 Qxc5 34. Rxc5 Re8 35. h3 R8xe5 36. Rxe5 Rxe5 37. Rd2 g5 38.
a4 h5 39. b4 g4 40. hxg4 hxg4 41. g3 Re3 42. Kg2 Ra3 43. a5 Ra4 44. Rd4 Ra2 45. Rxg4+ Kf8 46. Rc4 1-0

[Event "ONJK 2024 ABC"]
[Site "Velp, Netherlands"]
[Date "2024.08.03"]
[Round "3.18"]
[White "Zouridis, Christian"]
[Black "Breider, Jayden"]
[Result "1/2-1/2"]
[TimeControl "90 minutes + 30 seconds"]
[WhiteElo "1713"]
[BlackElo "1594"]

1. e4 c5 2. Nf3 d6 3. d4 cxd4 4. Nxd4 Nf6 5. Nc3 a6 6. Be3 e5 7. Nb3 Be7 8. Qd2 Be6 9. f3 h5 10.
Nd5 Nxd5 11. exd5 Bf5 12. Bd3 Bxd3 13. Qxd3 Nd7 14. O-O-O Bg5 15. Rhe1 O-O 16. g4 h4 17. Qd2 Bxe3 1/2-1/2

[Event "ONJK 2024 ABC"]
[Site "Velp, Netherlands"]
[Date "2024.08.03"]
[Round "3.19"]
[White "Van Duuren, Gilead"]
[Black "Burger, Dominick"]
[Result "0-1"]
[TimeControl "90 minutes + 30 seconds"]
[WhiteElo "1629"]
[BlackElo "1686"]

1. d4 Nf6 2. Bf4 g6 3. e3 Bg7 4. Nf3 d6 5. Bc4 Nbd7 6. c3 O-O 7. Nbd2 c5 8. Qb3 h6 9. h3 a6 10.
a4 Nb6 11. Bd3 Be6 12. Qc2 c4 13. Be2 Nh5 14. Bh2 f5 15. g4 fxg4 16. hxg4 Bxg4 17. Qxg6 Qc8 18. Bf4 Nxf4 19. exf4 Rf6 20.
Qe4 Re6 21. Qc2 Bf5 22. Qd1 Bd3 23. Ng1 Nd5 24. Kf1 Nxf4 25. Bxd3 Nxd3 26. Rh4 Qf8 27. Qf3 Rf6 28. Qd1 0-1

[Event "ONJK 2024 ABC"]
[Site "Velp, Netherlands"]
[Date "2024.08.03"]
[Round "3.20"]
[White "Formanoy, David"]
[Black "Deij, Casper"]
[Result "1-0"]
[TimeControl "90 minutes + 30 seconds"]
[WhiteElo "1686"]
[BlackElo "1629"]

1. e4 e5 2. Nf3 Nc6 3. Bc4 Bc5 4.
d3 Nf6 5. Nc3 d6 6. h3 Be6 7. Bxe6 fxe6 8. O-O Qd7 9. a3 O-O-O 10. Na4 Bb6 11. Nxb6+ cxb6 12. c3 d5 13. Qe2 Rde8 14. b4 Rhf8 15.
Bb2 Nh5 16. g3 h6 17. Rab1 Qf7 18. Nh2 Qg6 19. Qg4 Qxg4 20. hxg4 Nf6 21. Rfe1 g5 22. Re2 Rh8 23. Rbe1 d4 24.
Rc2 Kb8 25. b5 dxc3 26. Rxc3 Nd4 27. Rc4 Rd8 28. Bxd4 Rxd4 29. Rxd4 exd4 30. e5 Nd5 31. Nf3 Nc7 32. Nxd4 Rd8 33.
Re4 Rd5 34. a4 Rc5 35. f4 Rc3 36. f5 exf5 37. gxf5 Rxd3 38. f6 Rxd4 39. Rxd4 Ne6 40. Rd6 Nc5 41. f7 Nxa4 42. f8=Q+ Kc7 43.
Qe7+ Kc8 44. Qd8# 1-0

[Event "ONJK 2024 ABC"]
[Site "Velp, Netherlands"]
[Date "2024.08.05"]
[Round "4.1"]
[White "Elferink, Leon"]
[Black "Leenen, Boyd"]
[Result "1-0"]
[TimeControl "90 minutes + 30 seconds"]
[WhiteElo "1900"]
[BlackElo "1921"]

1. e4 e5 2. Nf3 Nc6 3. Bb5 a6 4. Ba4 Nf6 5. O-O b5 6. Bb3 Be7 7. Re1 d6 8. a4 Bg4 9. c3 Na5 10.
Bc2 c5 11. d3 O-O 12. Nbd2 h6 13. h3 Be6 14. Nf1 Qc7 15. d4 Rfc8 16. Ne3 cxd4 17. cxd4 Nc4 18. Bd3 Qb7 19. d5 Bd7 20.
axb5 axb5 21. Rxa8 Qxa8 22. b3 Nb6 23. Qe2 Rc3 24. Bxb5 Rxb3 25. Bxd7 Nbxd7 26. Qc2 Nc5 27. Nd2 Rb7 28.
Nf5 Bf8 29. Nc4 Qa6 30. Ba3 Rc7 31. Bxc5 Rxc5 32. Nfe3 Nd7 33. Qb3 Rb5 34. Qa3 Qxa3 35. Nxa3 Rb3 36. Nac4 Rb4 37. Ra1 Nb6 38.
Nxb6 Rxb6 39. Ra8 Rb1+ 40. Kh2 Rb4 41. Nf5 g6 42. Nxd6 f6 43. f3 Rb6 44. Nc4 Rb7 45. Na5 Rd7 46.
Nc6 h5 47. Nd8 Bg7 48. Ne6+ Kf7 49. Kg1 f5 50. Ng5+ Kf6 51. h4 Bh6 52. Ra6+ Kg7 53. Re6 fxe4 54. fxe4 Bxg5 55. hxg5 Ra7 56. Rxe5 Ra2 57. d6 Ra7 58. Rc5 Kf8 59. Rc8+ 1-0

[Event "ONJK 2024 ABC"]
[Site "Velp, Netherlands"]
[Date "2024.08.05"]
[Round "4.2"]
[White "Rogozyanskiy, Alexander"]
[Black "Musabayeva, Diana"]
[Result "0-1"]
[TimeControl "90 minutes + 30 seconds"]
[WhiteElo "1803"]
[BlackElo "1871"]

1. e4 c5 2. Nf3 d6 3. d4 cxd4 4. Nxd4 Nf6 5. Nc3 a6 6. h3 e5 7. Nb3 Be6 8. f4 exf4 9. Bxf4 Be7 10.
Qf3 Qc7 11. O-O-O Nbd7 12. g4 Ne5 13. Qf2 h6 14. Nd4 O-O 15. Nf5 Bxf5 16. exf5 b5 17. Nd5 Nxd5 18. Rxd5 Rac8 19. Rd2 Rfd8 20.
Rg1 d5 21. g5 hxg5 22. Bxg5 f6 23. Be3 Nc4 24. Bxc4 dxc4 25. Rxd8+ Qxd8 26. Qg2 Bf8 27. Bd2 Qd7 28. Qg4 b4 29.
Rd1 c3 30. Bxc3 Qc6 31. Rd3 bxc3 32. Rxc3 Qh1+ 33. Kd2 Qh2+ 34. Kd1 Rxc3 35. bxc3 Qh1+ 36. Ke2 Qd5 37. c4 Qe5+ 38. Kf3 Qc3+ 39.
Kg2 Qxc2+ 40. Kg3 Qd3+ 41. Kh4 Bc5 42. Kh5 Qd7 43. Qe4 Kh7 44. Qc2 Kg8 45. Qe4 Kh7 46. Qc2 Qd4 47. Qe2 Qf4 48.
Qg4 Qh6# 0-1

[Event "ONJK 2024 ABC"]
[Site "Velp, Netherlands"]
[Date "2024.08.05"]
[Round "4.3"]
[White "De Vries, Arjan"]
[Black "Decraene, Lotus"]
[Result "1-0"]
[TimeControl "90 minutes + 30 seconds"]
[WhiteElo "1843"]
[BlackElo "1799"]

1. e4 c5 2. Nf3 d6 3. d4 cxd4 4. Nxd4 Nf6 5. Nc3 a6 6. Be3 e5 7. Nb3 Be6 8. Qd2 Nc6 9. O-O-O b5 10.
f3 Rc8 11. g4 Qc7 12. Kb1 Bc4 13. h4 Nd7 14. g5 Nb6 15. Qf2 Rb8 16. Bxb6 Qxb6 17. Qxb6 Rxb6 18. Bxc4 bxc4 19. Nd2 Na5 20.
Nd5 Rb7 21. c3 Be7 22. Nf1 Kd7 23. Nfe3 Rhb8 24. Rh2 Bf8 25. Nb4 Ra8 26. Rd5 Nc6 27. Nxc6 Kxc6 28. Nxc4 Kc7 29. Rhd2 Rab8 30.
b3 Rb5 31. R5d3 Rd8 32. Kc2 Be7 33. Ne3 Bf8 34. b4 Rb7 35.
a4 Rc8 36. Kb3 Rd8 37. c4 Rdb8 38. b5 a5 39. c5 dxc5 40. Kc4 Kb6 41. Rd7 Ka7 42. Ng4 f6 43. gxf6 gxf6 44. Nxf6 Be7 45.
Ng4 Bxh4 46. Nxe5 Bg5 47. Rg2 Rxd7 48. Nxd7 Rd8 49. Rxg5 Rxd7 50. Kxc5 Rc7+ 51. Kd4 Rf7 52. Ke3 Rc7 53.
e5 Kb6 54. Rh5 Kc5 55. Rh4 Re7 56. f4 Kb4 57. f5+ Kb3 58. Re4 h5 59. f6 Rf7 60. e6 Rxf6 61. e7 h4 62. e8=Q h3 63. Qg8+ Ka3 64. Qh8 1-0

[Event "ONJK 2024 ABC"]
[Site "Velp, Netherlands"]
[Date "2024.08.05"]
[Round "4.4"]
[White "Ganeshram, Nirupa"]
[Black "Faybish, Dana"]
[Result "1-0"]
[TimeControl "90 minutes + 30 seconds"]
[WhiteElo "1695"]
[BlackElo "1707"]

1. e4 c5 2. Nf3 d6 3. c3 Nf6 4. Be2 g6 5. O-O Bg7 6. d3 O-O 7. h3 Nc6 8. Be3 Qc7 9. Nbd2 e5 10.
d4 exd4 11. cxd4 Re8 12. dxc5 dxc5 13. Bxc5 Nxe4 14. Nxe4 Rxe4 15. Qc2 Re8 16. Bd3 Bd7 17. Rad1 Rac8 18. Qd2 Red8 19. b3 Bf5 20. Qe2 Bxd3 21. Rxd3 Rxd3 22. Qxd3 Ne5 23.
Nxe5 Qxc5 24. Nc4 Qc7 25. Rd1 b5 26. Ne3 Qa5 27. Qd7 Rf8 28. a4 bxa4 29. bxa4 h5 30. Nc4 Qc5 31. Ne3 Bf6 32.
Qd6 Be7 33. Qxc5 Bxc5 34. Nc4 Rb8 35. Rc1 Rb4 36. a5 a6 37. g3 Rb3 38. Kg2 Bb4 39. g4 hxg4 40. hxg4 Kf8 41. f3 Rd3 42.
Rb1 Be7 43. Rb6 Rc3 44. Ne5 Re3 45. Nc6 Bc5 46. Rxa6 Re2+ 47. Kg3 Bd6+ 48. f4 Re3+ 49. Kf2 Bxf4 50. Ra8+ Kg7 51. a6 Re6 52.
Rc8 Be3+ 53. Kf3 Bb6 54. a7 Bxa7 55. Nxa7 Ra6 56. Nb5 Rb6 57. Nd4 Ra6 58. Rc5 Kf6 59. g5+ Kg7 60. Rd5 Ra7 61.
Kf4 Rb7 62. Ke5 Re7+ 63. Kd6 Rb7 64. Ke5 Re7+ 65. Kf4 Rc7 66. Nb5 Re7 67. Nd6 Re6 68. Ne4 Re7 69. Rd8 Ra7 70. Nf6 Ra4+ 71.
Ke3 Ra7 72. Rg8# 1-0

[Event "ONJK 2024 ABC"]
[Site "Velp, Netherlands"]
[Date "2024.08.05"]
[Round "4.5"]
[White "Bernfeld, Ben"]
[Black "Hesse, Lucas"]
[Result "1/2-1/2"]
[TimeControl "90 minutes + 30 seconds"]
[WhiteElo "1438"]
[BlackElo "1708"]

1. e4 d5 2. exd5 Qxd5 3. Nc3 Qa5 4.
Nf3 Bg4 5. Be2 Nf6 6. h3 Bh5 7. O-O e6 8. d4 c6 9. Bf4 Bb4 10. Qd3 Bg6 11. Qd2 Ne4 12. Qe3 Nxc3 13. bxc3 Bxc3 14.
Rab1 Bb4 15. Qb3 c5 16. dxc5 Nc6 17. Ne5 Nd4 18. Qxb4 Nxe2+ 19. Kh2 Qxb4 20. Rxb4 Nxf4 21. Rxf4 Rc8 22.
Nxg6 hxg6 23. Rb1 Rh5 24. Rxb7 Rf5 25. Ra4 Rfxc5 26. Raxa7 Rf5 27. f3 g5 28. a4 g6 29. Rc7 Rxc7 30.
Rxc7 Ra5 31. Rc4 Ke7 32. Kg3 Kd6 33. f4 Kd5 34. Rb4 Kc5 35. c3 Kd5 36. fxg5 Rc5 37. Rb3 Kc4 38. Ra3 Rxg5+ 39. Kf3 Ra5 40. g4 g5 41. Ke4 f5 42. Kf3 f4 43. h4 gxh4 44. Kxf4 e5 45. Kf5 h3 46. Ra1 Kxc3 47. g5 e4+ 48.
Kxe4 Rxg5 49. a5 h2 50. Rh1 Rxa5 1/2-1/2

[Event "ONJK 2024 ABC"]
[Site "Velp, Netherlands"]
[Date "2024.08.05"]
[Round "4.6"]
[White "Musabayev, Maxim"]
[Black "Madularea, David"]
[Result "1/2-1/2"]
[TimeControl "90 minutes + 30 seconds"]
[WhiteElo "1824"]
[BlackElo "2190"]

1. e4 a6 2. d4 e6 3. Nf3 d5 4. exd5 exd5 5. Bd3 Bd6 6. O-O Ne7 7. Nbd2 O-O 8. c3 Bf5 9. Qc2 Bxd3 10.
Qxd3 Ng6 11. Re1 Nf4 12. Qf5 g6 13. Qc2 Qf6 14. Nf1 Nd7 15. Bxf4 Bxf4 16. Ne3 Qd6 17. Ng4 h5 18. Nge5 Rfe8 19.
Nd3 Qf6 20. Nxf4 Qxf4 21. Qd2 Qd6 22. Qh6 b6 23. Re3 Rxe3 24. Qxe3 Nf6 25. Qe5 Qc6 26. Qf4 Re8 27. Ne5 Qd6 28.
f3 Re7 29. Kf2 Nd7 30. Re1 Kg7 31. Qg5 Qf6 32. Qxf6+ Kxf6 33. Nxd7+ 1/2-1/2

[Event "ONJK 2024 ABC"]
[Site "Velp, Netherlands"]
[Date "2024.08.05"]
[Round "4.7"]
[White "Blok, Xaveer"]
[Black "Balde, Esko"]
[Result "1-0"]
[TimeControl "90 minutes + 30 seconds"]
[WhiteElo "1885"]
[BlackElo "1637"]

1. e4 c5 2. c3 Nf6 3. e5 Nd5 4. Nf3 Nc6 5. Bc4 Nb6 6. Bb3 c4 7. Bc2 d6 8. exd6 e6 9. O-O Bxd6 10.
d3 cxd3 11. Qxd3 Ne5 12. Nxe5 Bxe5 13. Qb5+ Nd7 14. Rd1 a6 15. Qe2 Qc7 16. h3 O-O 17. Nd2 g6 18. Nc4 Bh2+ 19. Kh1 b5 20.
Ne3 Be5 21. Ng4 Bf4 22. Rxd7 Bxd7 23. Nf6+ Kg7 24. Bxf4 Qxf4 25. Nxd7 Rfd8 26. Rd1 Ra7 27. Nc5 Rxd1+ 28. Bxd1 Qd6 29.
Nb3 Rd7 30. Bc2 Qc7 31. Nd4 Qc4 32. Qxc4 bxc4 33. f4 Kf6 34. Kg1 e5 35. fxe5+ Kxe5 36. Kf2 Rb7 37. b3 f5 38. Ke3 f4+ 39.
Kf3 cxb3 40. axb3 Rc7 41. Ne2 g5 42. Bd3 a5 43. Kg4 Rd7 44. Nd4 Rc7 45. Nf3+ Kd5 46. Bc4+ Kd6 47. Nxg5 a4 48.
Ne4+ Ke5 49. Nd2 a3 50. b4 Ra7 51. Ba2 h5+ 52. Kf3 Rc7 53.
Nc4+ Kf5 54. b5 Rd7 55. Bb1+ Kf6 56. Nxa3 Ra7 57. Nc4 Rc7 58. Bd3 Rb7 59. b6 Rd7 60. Be4 1-0

[Event "ONJK 2024 ABC"]
[Site "Velp, Netherlands"]
[Date "2024.08.05"]
[Round "4.8"]
[White "Kool, Jesper"]
[Black "Henckens, Elof"]
[Result "1-0"]
[TimeControl "90 minutes + 30 seconds"]
[WhiteElo "1823"]
[BlackElo "1707"]

1. e4 e5 2. Nf3 Nf6 3. Nc3 Bb4 4.
Bc4 O-O 5. d3 d6 6. O-O h6 7. Re1 Bg4 8. Be3 c6 9. a3 Ba5 10. b4 Bc7 11. d4 d5 12. Be2 Nxe4 13. Nxe4 dxe4 14.
Nxe5 Bxe2 15. Qxe2 Re8 16. Qg4 Qf6 17. Bf4 Nd7 18. Qxd7 Bb6 19. Be3 Rad8 20. Qxb7 Bxd4 21. Bxd4 Rxd4 22. Ng4 Qf4 23. Ne3 Rd2 24. Rf1 Re6 25. Rad1 Rxd1 26. Rxd1 Rf6 27.
Rf1 Rg6 28. Qc8+ Kh7 29. Qf5 1-0

[Event "ONJK 2024 ABC"]
[Site "Velp, Netherlands"]
[Date "2024.08.05"]
[Round "4.9"]
[White "De Rycke, Killian"]
[Black "Zootjes, Aaron"]
[Result "1-0"]
[TimeControl "90 minutes + 30 seconds"]
[WhiteElo "1751"]
[BlackElo "1639"]

1. e4 c5 2. Nf3 d6 3. d4 cxd4 4. Nxd4 Nf6 5. Nc3 a6 6.
Be3 e5 7. Nb3 Nc6 8. Qd2 Be7 9. O-O-O b5 10. Bd3 Bb7 11. f4 Ng4 12. g3 Rc8 13. h3 Nxe3 14. Qxe3 exf4 15. gxf4 Nb4 16. a3 Nxd3+ 17. Rxd3 O-O 18.
Rg1 Qc7 19. Nd4 Bf6 20. Nf5 a5 21. Nxd6 b4 22. Nxc8 Rxc8 23. e5 Bh4 24. f5 bxc3 25. Rxc3 Qd8 26. Qh6 g6 27. f6 Bxf6 28. exf6 Qxf6 29.
Rxc8+ Bxc8 30. Re1 Qc6 31. Rd1 Qc7 32. h4 Bf5 33. c3 Qe7 34. Qg5 f6 35. Qd2 Kg7 36. Re1 Qb7 37. b4 axb4 38.
axb4 Qa7 39. Kb2 Kf7 40. Qd5+ Kg7 41. Qd2 Kf7 42. Qe2 Qd7 43. b5 Bd3 44. Qd1 Qd5 1-0

[Event "ONJK 2024 ABC"]
[Site "Velp, Netherlands"]
[Date "2024.08.05"]
[Round "4.10"]
[White "Sapulette, Jay-Giani"]
[Black "Janssen, Thijn"]
[Result "1-0"]
[TimeControl "90 minutes + 30 seconds"]
[WhiteElo "1746"]
[BlackElo "1465"]

1. e4 e5 2. Nf3 Nc6 3. d4 exd4 4. Bc4 Nf6 5. e5 Ng4 6. Bxf7+ Kxf7 7. Ng5+ Kg8 8. Qxg4 Nxe5 9. Qxd4 Qe8 10.
O-O h6 11. Re1 hxg5 12. Rxe5 Qh5 13. Qd5+ Kh7 14. Rxg5 g6 15.
Rxh5+ 1-0

[Event "ONJK 2024 ABC"]
[Site "Velp, Netherlands"]
[Date "2024.08.05"]
[Round "4.11"]
[White "Zhezheria, Maksym"]
[Black "Hagen, Carlijn"]
[Result "0-1"]
[TimeControl "90 minutes + 30 seconds"]
[WhiteElo "1626"]
[BlackElo "1645"]

1. d4 d5 2. c4 dxc4 3. a4 e5 4. e3 Be6 5. Nc3 Bb4 6. Nf3 Nc6 7. Be2 Nf6 8. Nxe5 Nxe5 9. dxe5 Nd5 10.
Bd2 Bxc3 11. Bxc3 Nxc3 12. bxc3 Qg5 13. O-O Qxe5 14. Qd4 Qxd4 15. cxd4 c6 16. Rab1 Rb8 17. Rb4 b5 18. Ra1 a5 19.
Rbb1 b4 20. Rc1 c3 21. Rab1 Ba2 22. Ra1 b3 23. Rxa2 bxa2 24. Bd3 Rb2 0-1

[Event "ONJK 2024 ABC"]
[Site "Velp, Netherlands"]
[Date "2024.08.05"]
[Round "4.12"]
[White "Frederiks, Jesse"]
[Black "Van de Vooren, Mark"]
[Result "1-0"]
[TimeControl "90 minutes + 30 seconds"]
[WhiteElo "1757"]
[BlackElo "1500"]

1. c4 e5 2. Nc3 Nf6 3. d3 c6 4. Nf3 d6 5. g3 Be6 6. Bg2 Be7 7. O-O a5 8. Bd2 O-O 9. e3 h6 10.
b3 Nbd7 11. d4 e4 12. Ne1 d5 13. cxd5 cxd5 14. f3 exf3 15. Nxf3 Ne4 16. Nxe4 dxe4 17. Ne1 Nf6 18. Qb1 Bd5 19.
Rxf6 Bxf6 20. Bxe4 Re8 21. Bxd5 Qxd5 22. Qd3 Qe4 23. Qxe4 Rxe4 24. Rc1 a4 25. b4 b5 26. Rc5 Rb8 27.
Kf2 Be7 28. Rc7 Bf8 29. a3 Ree8 30. Nd3 Rec8 31. Rxc8 Rxc8 32. Nc5 f5 33. Kf3 g5 34. g4 fxg4+ 35. Kxg4 Bg7 36. Bc3 Kf7 37.
e4 Kg6 38. Bb2 h5+ 39. Kg3 h4+ 40. Kf3 Rf8+ 41. Ke2 g4 42. e5 g3 43. hxg3 hxg3 44. Bc1 g2 45. Be3 Rf1 46. Ne6 g1=Q 47.
Bxg1 Rxg1 48. Nc7 Ra1 49. Nxb5 Kf5 50. Kd3 Bf8 51. Kc4 Ke6 52. Nc7+ Kd7 53. Nb5 Kc6 54. d5+ Kb6 55. d6 Re1 56.
Nc3 Rc1 57. Kd4 Ra1 58. Nxa4+ Kc6 59. Kc4 Rxa3 60. b5+ Kd7 61. Nc5+ Kd8 62. Kd5 Ra1 63. Kc6 Ra8 64. Ne6+ Ke8 65.
Nc7+ Kf7 66. Nxa8 1-0

[Event "ONJK 2024 ABC"]
[Site "Velp, Netherlands"]
[Date "2024.08.05"]
[Round "4.13"]
[White "De Wit, Evan"]
[Black "Roebers, Bregje"]
[Result "0-1"]
[TimeControl "90 minutes + 30 seconds"]
[WhiteElo "1782"]
[BlackElo "1796"]

1. Nf3 Nf6 2. g3 g6 3. Bg2 Bg7 4. O-O d5 5. d4 O-O 6. c4 e6 7. Nc3 c6 8. b3 Nbd7 9. Qc2 c5 10.
e3 b6 11. Bb2 Bb7 12. Rfd1 Qc7 13. cxd5 Nxd5 14. Nxd5 exd5 15. Rac1 Rac8 16. dxc5 bxc5 17. Bxg7 Kxg7 18. b4 c4 19.
Qc3+ Kg8 20. h4 Rfe8 21. h5 Ne5 22. Nxe5 Qxe5 23. hxg6 hxg6 24. Rd4 Rcd8 25. Rcd1 Rd6 26. Qd2 Red8 27.
e4 Rc8 28. f4 Qe7 29. e5 Rb6 30. Bxd5 c3 31. Qd3 Bxd5 32. Rxd5 c2 33. Rc1 Qxb4 34. Kg2 Rc3 35. Rd8+ Kg7 36.
Qd4 Qxd4 0-1

[Event "ONJK 2024 ABC"]
[Site "Velp, Netherlands"]
[Date "2024.08.05"]
[Round "4.14"]
[White "Dijkhuijsen, Thomas"]
[Black "De Jong, Lode"]
[Result "1/2-1/2"]
[TimeControl "90 minutes + 30 seconds"]
[WhiteElo "1750"]
[BlackElo "1755"]

1. e4 c5 2. Nf3 d6 3. d4 cxd4 4. Nxd4 Nf6 5. Nc3 a6 6. Bd3 e5 7. Nf3 Be7 8. b3 b5 9. Ne2 Bb7 10.
Ng3 Nbd7 11. O-O O-O 12. Ba3 g6 13. Re1 Re8 14. c4 Qb6 15. Qd2 Nc5 16. Bxc5 Qxc5 17. Rac1 Qb6 18. Qe3 Qxe3 19.
Rxe3 Bf8 20. Ree1 Bh6 21. Rcd1 bxc4 22. Bxc4 Red8 23. h4 Bf4 24. Ng5 d5 25. exd5 Bxd5 26. Bxd5 Nxd5 27. N5e4 Nb4 28.
Ne2 Bh6 29. N2c3 Nc2 30. Rxd8+ Rxd8 31. Rd1 Nd4 32. Nf6+ Kh8 33. Kf1 Bg7 34. Nfe4 Rc8 35. Ne2 Rc2 36. Nxd4 exd4 1/2-1/2

[Event "ONJK 2024 ABC"]
[Site "Velp, Netherlands"]
[Date "2024.08.05"]
[Round "4.15"]
[White "Meert, Maarin"]
[Black "Georgopoulos, Mylo"]
[Result "0-1"]
[TimeControl "90 minutes + 30 seconds"]
[WhiteElo "1811"]
[BlackElo "1776"]

1. c4 e6 2. d4 Nf6 3. Nc3 Bb4 4. Nf3 d5 5. Bg5 h6 6. Bh4 g5 7. Bg3 Nbd7 8. e3 b6 9. Be2 Ba6 10.
Qa4 Bxc3+ 11. bxc3 Bb7 12. O-O O-O 13. Rfc1 Ne4 14. cxd5 Nxg3 15. hxg3 exd5 16. Ba6 Bxa6 17. Qxa6 c5 18.
c4 dxc4 19. Qxc4 Rc8 20. Qd3 Re8 21.
Rc4 g4 22. dxc5 gxf3 23. Rd4 Qf6 24. Rd1 Nxc5 25. Rg4+ Kh8 26. Qd4 Qxd4 27. Rdxd4 Red8 28. Rdf4 Nd3 29. Rf6 Rc1+ 30. Kh2 Kh7 31.
Rxf7+ Kh8 32. Rf6 Rh1+ 33. Kxh1 Nxf2+ 34. Kg1 Nxg4 35. Rg6 Rd1# 0-1

[Event "ONJK 2024 ABC"]
[Site "Velp, Netherlands"]
[Date "2024.08.05"]
[Round "4.16"]
[White "Hesse, Frederik"]
[Black "Zhao, Nick"]
[Result "1-0"]
[TimeControl "90 minutes + 30 seconds"]
[WhiteElo "1684"]
[BlackElo "1836"]

1. e4 e5 2. Nf3 Nc6 3. Bb5 a6 4. Ba4 Nf6 5. O-O Be7 6. Re1 b5 7. Bb3 d6 8. h3 Na5 9. c3 Nxb3 10.
Qxb3 Be6 11. Qd1 c5 12. d4 Qc7 13. Bg5 O-O 14.
Bh4 exd4 15. cxd4 d5 16. Nc3 Nxe4 17. Nxe4 dxe4 18. Bxe7 Qxe7 19. Rxe4 Rfd8 20. Qe1 c4 21. Rd1 Qd6 22.
d5 Bf5 23. Re3 Bd7 24. Ne5 Re8 25. Nxd7 Qxd7 26. d6 Rxe3 27. Qxe3 Re8 28. Qb6 h6 29. Qxa6 f6 30. Qb6 Kf7 31.
Kh2 Re5 32. f4 Re4 33. Qc7 Ke6 34. f5+ 1-0

[Event "ONJK 2024 ABC"]
[Site "Velp, Netherlands"]
[Date "2024.08.05"]
[Round "4.17"]
[White "Vogels, Mathijs"]
[Black "Peeters, Yumi"]
[Result "1-0"]
[TimeControl "90 minutes + 30 seconds"]
[WhiteElo "1732"]
[BlackElo "1671"]

1. e4 c5 2. Nc3 e6 3. g3 d5 4. exd5 exd5 5. d4 Nc6 6. Nge2 Bg4 7. Bg2 Nxd4 8. O-O Be7 9. f3 Nxe2+ 10. Qxe2 Be6 11. f4 Nf6 12. f5 d4 13. fxe6 dxc3 14. exf7+ Kxf7 15. Qc4+ Kf8 16. Qxc3 Rb8 17. Bf4 Bd6 18.
Rad1 Ne8 19. Bxd6+ Kg8 20. Rf8# 1-0

[Event "ONJK 2024 ABC"]
[Site "Velp, Netherlands"]
[Date "2024.08.05"]
[Round "4.18"]
[White "Burger, Dominick"]
[Black "Maes, Lander"]
[Result "1-0"]
[TimeControl "90 minutes + 30 seconds"]
[WhiteElo "1686"]
[BlackElo "1645"]

1. e4 c5 2. Nf3 d6 3. c3 Nf6 4. Qc2 g6 5. d4 cxd4 6. cxd4 e6 7. Bg5 h6 8. Bxf6 Qxf6 9. Qxc8+ Qd8 10.
Qxb7 Nd7 11. Bb5 Rc8 12. Bxd7+ Qxd7 13. Qxd7+ Kxd7 14. Nc3 Be7 15. Kd2 Rb8 16. Rab1 g5 17. g4 h5 18. h3 hxg4 19.
hxg4 Rxh1 20. Rxh1 Rxb2+ 21. Ke3 Rc2 22. Nb1 Rxa2 23. Rh5 Rb2 24. Nbd2 Rb5 25. e5 dxe5 26. Nxe5+ Kc7 27. Nxf7 Kc6 28.
Ne5+ Kd5 29. Rh7 Bd6 30. Rg7 Bxe5 31. dxe5 a5 32. Rxg5 a4 33. Rh5 a3 34. Rh1 Rb4 35. f4 a2 36.
g5 Ra4 37. Ra1 Ra3+ 38. Kf2 Kd4 39. g6 Kc3 40. g7 Ra8 41. Ne4+ Kb2 42. Rxa2+ Kxa2 43. Nf6 Kb3 44. g8=Q Rxg8 45.
Nxg8 Kc4 46. Kf3 Kd5 47. Kg4 Ke4 48. Kg5 Kd5 49. Kf6 Ke4 50. Kxe6 Kxf4 51. Kf6 Kg3 52. e6 Kh4 53. e7 Kg3 54.
e8=Q Kh4 55. Qg6 Kh3 56. Kf5 Kh2 57.
Kf4 Kh3 58. Qg3+ 1-0

[Event "ONJK 2024 ABC"]
[Site "Velp, Netherlands"]
[Date "2024.08.05"]
[Round "4.19"]
[White "Lejzerowicz, Nathan"]
[Black "Formanoy, David"]
[Result "1-0"]
[TimeControl "90 minutes + 30 seconds"]
[WhiteElo "1668"]
[BlackElo "1686"]

1. c4 e5 2. Nc3 Nf6 3. g3 Nc6 4. Bg2 Bc5 5. e3 a6 6. Nge2 d6 7. O-O Bg4 8. h3 Bh5 9. a3 O-O 10.
b4 Ba7 11. d3 Rb8 12. Qc2 Bg6 13. Bb2 Re8 14. Nd5 Nxd5 15. cxd5 Ne7 16. e4 Qd7 17. Qc3 f6 18. Kh2 Rbc8 19.
Qb3 Bf7 20. f4 Qd8 21. Qa4 Ra8 22. Rac1 b5 23. Qd1 Qd7 24. fxe5 dxe5 25. d4 exd4 26. Nxd4 Bxd4 27. Bxd4 Red8 28.
Bb2 c6 29. dxc6 Qxd1 30. Rfxd1 Rxd1 31. Rxd1 Nxc6 32. e5 Rd8 33. Rxd8+ Nxd8 34. exf6 g6 35. h4 Be6 36. Bf3 h5 37.
Kg2 Kf7 38. Kf2 Bc8 39. Bd5+ Be6 40. Be4 Bc8 41. Kf3 Bb7 42. Kf4 Bxe4 43. Kxe4 Ke6 44. Kf4 Nf7 45. g4 Nd6 46. gxh5 gxh5 47.
Kg5 Ne4+ 48. Kg6 Ng3 49. f7 Ke7 50. Bf6+ Ke6 51. f8=Q Ne4 52. Qe7+ Kd5 53. Qe5+ Kc4 54. Qxe4+ Kb3 55.
Qd3+ Ka2 56. Qc3 Kb1 57. Qb2# 1-0

[Event "ONJK 2024 ABC"]
[Site "Velp, Netherlands"]
[Date "2024.08.05"]
[Round "4.20"]
[White "Hagen, Maurits"]
[Black "Zouridis, Christian"]
[Result "1/2-1/2"]
[TimeControl "90 minutes + 30 seconds"]
[WhiteElo "1654"]
[BlackElo "1713"]

1. d4 d5 2. Bf4 Nf6 3. e3 Bf5 4. Bd3 Bg6 5. Nf3 Nbd7 6. c3 e6 7. Qc2 c5 8. Nbd2 Rc8 9. O-O Bxd3 10.
Qxd3 c4 11. Qc2 Be7 12. b3 Nb6 13. Be5 Qd7 14. Rfe1 Qc6 15. b4 Qa4 16. Ng5 O-O 17. h4 g6 1/2-1/2

[Event "ONJK 2024 ABC"]
[Site "Velp, Netherlands"]
[Date "2024.08.05"]
[Round "5.1"]
[White "De Vries, Arjan"]
[Black "Elferink, Leon"]
[Result "1/2-1/2"]
[TimeControl "90 minutes + 30 seconds"]
[WhiteElo "1843"]
[BlackElo "1900"]

1. e4 e5 2. Nf3 Nc6 3. Bc4 Bc5 4.
d3 h6 5.
c3 d6 6.
b4 Bb6 7. Qb3 Qe7 8. a4 a5 9. Be3 Bxe3 10. fxe3 Nf6 11. O-O O-O 12. Nbd2 Be6 13. Bxe6 Qxe6 14. Qxe6 fxe6 15. b5 Ne7 16.
h3 g5 17. g4 Ng6 18. d4 Nd7 19. Nc4 exd4 20. cxd4 e5 21. b6 Nxb6 22. Nxb6 cxb6 23. Rab1 exd4 24. Nxd4 Rxf1+ 25. Kxf1 Ne5 26.
Rxb6 Nc4 27. Rxb7 Nxe3+ 28. Ke2 Ng2 29. Nf5 Nf4+ 30. Ke3 Nxh3 31. Nxh6+ Kf8 32. Rd7 Rb8 33. Rxd6 Nf4 34. Rf6+ Kg7 35.
Ra6 Rb3+ 36. Kd2 Rb4 37. Nf5+ Kh7 38. Rxa5 Rxe4 39. Ra7+ Kg6 40. Ra6+ Ne6 41. Kd3 Rxg4 42. Ne3 Rxa4 43.
Rxe6+ Kf7 44. Rb6 g4 45. Rb2 Kf6 46. Ke2 Kg5 47. Kf2 Kf4 48.
Ng2+ Ke4 49. Kg3 Kd3 50. Nf4+ Kc3 51. Rb7 Ra8 52. Kxg4 Kd4 53. Rf7 Ke4 54. Re7+ Kd4 55. Ne2+ Kd3 56.
Kf3 Rf8 57. Nf4+ Kc4 58. Ke4 Rc8 59. Re5 Rc6 60. Rd5 Rc8 61. Rd4+ Kc5 62. Nd3+ Kc6 63. Ne5+ Kb5 64. Rd5+ Rc5 65.
Rd1 Rc3 66. Kd4 Rb3 67. Rc1 Kb6 68. Kd5 Kb7 69. Rc4 Rb5+ 70. Kd6 Rb6+ 71. Kd7 Rb5 72. Nf7 Rd5 73. Nd6+ Kb6 74. Rc6+ Ka5 75.
Kc7 Kb4 76. Kb6 Rd4 77. Nb7 Rh4 78. Nc5 Rc4 79. Rc7 Rc3 80. Na6+ Kb3 81. Nc5+ Kb4 82. Na6+ Kb3 83. Rh7 Kc4 84.
Nc5 Rg3 85. Rh4+ Kd5 86. Rh5+ Kc4 87. Rh4+ Kd4 1/2-1/2